 Dungeon Crawl Stone Soup version 0.30-a0-632-g346586fe48 (webtiles) character file.

Game seed: 3506830033143194078

35912 OTABOTABOTAB the Spry (level 13, -2/65 HPs)
             Began as a Felid Summoner on Jan 14, 2023.
             Was an Initiate of Gozag.
             Shot with an arrow by a centaur warrior (18 damage)
             ... on level 13 of the Dungeon.
             The game lasted 02:03:22 (30545 turns).

OTABOTABOTAB the Spry (Felid Summoner)             Turns: 30545, Time: 02:03:23

Health: -2/65      AC:  3    Str:  4    XL:     13   Next: 50%
Magic:  28/28      EV: 30    Int: 26    God:    Gozag
Gold:   2104       SH:  0    Dex: 18    Spells: 2/32 levels left
                                        Lives:  0   Deaths: 2

rFire   . . .      SeeInvis +    (weapon unavailable)
rCold   + . .      Faith    .    (shield unavailable)
rNeg    . . .      Spirit   .    (body armour unavailable)
rPois   +          Reflect  .    (helmet unavailable)
rElec   .          Harm     .    (cloak unavailable)
rCorr   .          Rampage  .    (gloves unavailable)
Will    +....                    (boots unavailable)
Stlth   ++                       l - amulet of Vitality {RegenMP++ Regen++}
HPRegen 1.90/turn                I - +6 ring of intelligence
MPRegen 1.01/turn                h - ring of poison resistance {rPois, !d}

@: quick
A: very small, claws 1, fangs 3, see invisible, speed 1, shaggy fur 3, stealthy
paws, no weapons or thrown items, no armour, multi-lived
a: Renounce Religion, Potion Petition, Call Merchant, Bribe Branch


You were on level 13 of the Dungeon.
You worshipped Gozag.
Gozag was most pleased with you.
You visited 4 branches of the dungeon, and saw 21 of its levels.
You also visited: Gauntlet.

You collected 7091 gold pieces.
You spent 1524 gold pieces at shops.
You paid 3463 gold pieces to Gozag.

Inventory:

Missiles
 d - a throwing net {!d}
 e - 3 boomerangs of dispersal {=f}
 m - 2 curare-tipped darts
Jewellery
 h - a ring of poison resistance (right paw) {rPois, !d}
   (You found it on level 8 of the Dungeon)
 l - the amulet of Vitality (around neck) {RegenMP++ Regen++}
   (You found it on level 2 of the Lair of Beasts)

   [amulet of magic regeneration]

   It increases your rate of magic regeneration.
   Regen:     It increases your rate of health regeneration.
 I - a +6 ring of intelligence (left paw)
   (You found it on level 5 of the Dungeon)
Wands
 g - a wand of roots (21)
   (You found it on level 9 of the Dungeon)
 i - a wand of light (6)
   (You found it on level 11 of the Dungeon)
 j - a wand of polymorph (3)
   (You found it on level 4 of the Lair of Beasts)
 q - a wand of flame (41)
   (You took it off Natasha on level 4 of the Dungeon)
 y - a wand of mindburst (2)
   (You took it off Sonja on level 12 of the Dungeon)
Scrolls
 c - a scroll of fog
 k - a scroll of amnesia
 n - a scroll of identify {@r1}
 D - 2 scrolls of blinking {!r}
 K - 2 scrolls of immolation {!r}
 O - 2 scrolls of silence
 X - 3 scrolls of magic mapping {@r4!r}
Potions
 a - 4 potions of attraction {!q}
 b - 4 potions of magic
 f - 3 potions of degeneration {!q}
 B - 10 potions of brilliance
 G - a potion of ambrosia {!q}
 H - 4 potions of haste
 J - 5 potions of curing {@q1}
 L - 3 potions of flight
 M - 2 potions of might
 N - 4 potions of heal wounds {@q2}
 P - 7 potions of lignification {!q}
 T - a potion of berserk rage {!q}
 U - 5 potions of mutation {!q}
Miscellaneous
 s - a tin of tremorstones (2/2)
   (You found it on level 10 of the Dungeon)
 z - a box of beasts
   (You found it on level 9 of the Dungeon)


   Skills:
 + Level 12.8 Fighting
 + Level 16.6 Dodging
 - Level 2.6 Stealth
 + Level 10.3 Spellcasting
 - Level 9.0 Hexes
 - Level 11.1 Summonings
 - Level 7.2 Translocations
 + Level 2.9 Transmutations
 - Level 3.6 Ice Magic
 + Level 7.5 Air Magic


You had 2 spell levels left.
You knew the following spells:

 Your Spells              Type           Power      Damage    Failure   Level
a - Summon Small Mammal   Summ           100%       N/A       1%          1
b - Call Canine Familiar  Summ           63%        N/A       1%          3
c - Call Imp              Summ           63%        N/A       1%          2
d - Summon Guardian Gole  Hex/Summ       60%        N/A       1%          3
e - Summon Lightning Spi  Summ/Air       58%        N/A       1%          4
f - Summon Ice Beast      Ice/Summ       51%        N/A       2%          4
g - Summon Mana Viper     Hex/Summ       60%        N/A       1%          5
h - Summon Forest         Summ/Tloc      28%        N/A       2%          5
s - Swiftness             Air            51%        N/A       1%          3

Your spell library contained the following spells:

 Spells                   Type           Power      Damage    Failure   Level
 Freeze                   Ice            100%       1d10      1%          1
 Shock                    Conj/Air       100%       1d9       1%          1
 Blink                    Tloc           100%       N/A       1%          2
 Poisonous Vapours        Pois/Air       64%        N/A       1%          2
 Cigotuvi's Dreadful Rot  Necr/Pois/Air  52%        N/A       2%          2
 Vhi's Electric Charge    Tloc/Air       100%       N/A       1%          3
 Airstrike                Air            25%        2d(4-20)  1%          4
 Manifold Assault         Tloc           50%        N/A       2%          4
 Frozen Ramparts          Ice            64%        1d10      3%          3
 Mephitic Cloud           Conj/Pois/Air  26%        N/A       4%          3
 Hailstorm                Conj/Ice       23%        3d7       6%          3
 Summon Cactus Giant      Summ           31%        N/A       7%          6
 Ice Form                 Ice/Tmut       30%        N/A       12%         4
 Dispersal                Tloc           25%        N/A       34%         6
 Malign Gateway           Summ/Tloc      28%        N/A       65%         7
 Storm Form               Tmut/Air       20%        N/A       99%         7
 Disjunction              Tloc           25%        N/A       100%        8
 Maxwell's Capacitive Co  Air            25%        ∞         100%        8
 Polar Vortex             Ice            16%        N/A       100%        9
 Simulacrum               Ice/Necr       Unusable   N/A       N/A         6

Dungeon Overview and Level Annotations

Branches:
Dungeon (13/15)            Temple (1/1) D:5            Lair (5/5) D:10
  Swamp (0/4) Lair:2        Snake (0/4) Lair:3        Slime (0/5) Lair:5
    Orc (2/2) D:9             Elf (0/3) Orc:2       Gauntlet (visited)
 Vaults: D:13-14

Altars:
Ashenzari
Cheibriados
Dithmenos
Elyvilon
Fedhas
Gozag
Kikubaaqudgha
Makhleb
Nemelex Xobeh
Okawaru
Qazlal
Ru
Sif Muna
Trog
Uskayaw
Vehumet
Wu Jian
Xom
Yredelemnul
Zin
The Shining One
Jiyva

Shops:
D:6 *   D:9 ?   Orc:1 [   Orc:2 *(:[(   Lair:1 =   Lair:3 =:

Annotations:
Lair:2 sokol815's ghost, journeyman OpFE
Lair:5 2 runed translucent doors


Innate Abilities, Weirdness & Mutations

You have sharp claws.
You have razor-sharp teeth.
You have supernaturally acute eyesight. (SInv)
You cover ground quickly. (Speed+)
Your thick and shaggy fur keeps you warm. (AC +3, rC+)
Your paws help you pounce on unaware monsters.
You are incapable of wielding weapons or throwing items.
You cannot wear armour.
You gain extra lives every three experience levels.


Message History

Your wolf closely misses the centaur warrior.
A meliai comes into view.
It is wielding a +1 hand axe of venom and wearing a +0 leather armour of willpower.
Your mana viper bites the centaur warrior!
The centaur warrior dies!
Your wolf barely misses the meliai.
A chill wind blows around you. Branches wave dangerously above you.
The meliai barely misses your mana viper.
The meliai hits your wolf with a +1 hand axe of venom!
Your wolf is poisoned.
The meliai completely misses your mana viper.
Your wolf barely misses the meliai.
Your mana viper barely misses the meliai.
The meliai is distracted by your dazzling golden aura.
You now have 14/28 mp.
A guardian golem appears, shielding your allies.
The meliai buzzes angrily.
Your wolf barely misses the meliai.
Your mana viper bites the meliai!
The meliai is no longer distracted by gold.
Your wolf bites the meliai.
The meliai invokes the aid of its god against your mana viper.
Your mana viper is smitten.
You now have 12/28 mp.
What are your orders? t - Meow!
Orders for allies: a - Attack new target. r - Retreat! s - Stop attacking. g - Guard the area. f - Follow me.
Anything else - Cancel.
Gang up on whom?
Aim: a meliai, wielding a +1 hand axe of venom and wearing a +0 leather armour of willpower (almost dead, not watching you, ally target) Attack!
The meliai barely misses your mana viper.
The meliai hits your wolf with a +1 hand axe of venom!
Your wolf looks as sick as possible!
The meliai closely misses your mana viper.
Your wolf bites the meliai!
The meliai dies!
Trunks creak and shift.
Your wolf dies!
Your wolf's corpse disappears in a puff of smoke!
The forest calms down.
Your mana viper disappears in a puff of smoke!
You swap places.
Your quokka disappears in a puff of smoke!
Your dryad disappears in a puff of smoke!
You now have 2104 gold pieces (gained 18).
You see here a +0 shortbow.
Space becomes stable.
Your ice beast disappears in a puff of smoke!
A centaur warrior comes into view.
Items here: ! $ ) [.
MP restored: 28 What are your orders? t - Meow!
Orders for allies: a - Attack new target. r - Retreat! s - Stop attacking. g - Guard the area. f - Follow me.
Anything else - Cancel.
Gang up on whom?
Aim: a centaur warrior (ally target) Attack!
Your guardian golem disappears in a puff of smoke!
The centaur warrior wields a +4 shortbow.
The centaur warrior shoots an arrow.
The arrow hits you!!
You hear an angry buzzing noise.
You take 26 damage, and have 39/65 hp.
MASSIVE DAMAGE!!
The centaur warrior shoots an arrow.
The arrow hits you!
The centaur warrior shoots an arrow.
The arrow barely misses you.
You take 6 damage, and have 33/65 hp.
You swap places.
You see here a +0 shortbow.
Your quokka disappears in a puff of smoke!
The centaur warrior shoots an arrow.
The arrow hits your white imp!
Your white imp dies!
Your white imp disappears in a puff of smoke!
You regained 2 hp, and now have 36/65 hp.
The centaur warrior shoots an arrow.
The arrow barely misses you.
The centaur warrior shoots an arrow.
The arrow hits you!
You take 8 damage, and have 28/65 hp.
You regained 2 hp, and now have 30/65 hp.
You regained 2 hp, and now have 33/65 hp.
A guardian golem appears, shielding your allies.
You regained 2 hp, and now have 35/65 hp.
You now have 26/28 mp.
You regained 2 hp, and now have 37/65 hp.
What are your orders? t - Meow!
Orders for allies: a - Attack new target. p - Attack previous target. r - Retreat! s - Stop attacking. g - Guard the area. f - Follow me.
Anything else - Cancel.
Gang up on whom?
Aim: a centaur warrior, wielding a +4 shortbow (ally target) Attack!
The centaur warrior shoots an arrow.
The arrow hits you!!
* * * LOW HITPOINT WARNING * * *
The centaur warrior shoots an arrow.
The arrow hits you!!
You die...
Your body crumbles into a pile of gold.

#........# #.....
#........### #.....
#..........###.....
#........#..##.....
#......).##..'.....
#...>^.>.#####.....
#........# #.....
#[9......# #.....
#.@......# ####+#
###)###### #.c#
#$## #'# ... .....
.c..... #........


You could see a centaur warrior (ally target) and a friendly guardian golem
(summoned).

Vanquished Creatures (collateral kills)
  Kirke (D:13)
  An orc warlord (Orc:2)
  2 hydras
  A ghost crab (Lair:2)
  3 two-headed ogres
  A boulder beetle (Lair:1)
  A centaur warrior (D:13)
  An orc high priest (Orc:2)
  A death yak (Lair:3)
  Sonja (D:12)
  Lodul (D:11)
  A lindwurm (Lair:5)
  2 orc knights (Orc:2)
  A deep elf pyromancer (D:13)
  5 orc sorcerers (Orc:2)
  An oklob plant (Lair:4)
  2 cyclopes (D:12)
  A manticore (D:11)
  10 elephants
  2 molten gargoyles (Lair:5)
  A torpor snail (Lair:3)
  3 black mambas
  6 cane toads
  5 rime drakes
  15 komodo dragons
  A kobold demonologist (D:13)
  5 trolls
  10 polar bears
  A meliai (D:13)
  7 blink frogs
  Sigmund (D:2)
  3 dream sheep (Lair:3)
  A vampire (D:13)
  2 wraiths
  3 wyverns
  3 hogs (D:13)
  25 yaks
  4 steam dragons
  8 basilisks
  A spectral komodo dragon (Lair:2)
  2 wargs (Orc:2)
  Menkaure (D:6)
  Edmund (D:6)
  A spectral cane toad (Lair:2)
  A naga (Lair:3)
  An acid dragon (D:12)
  5 hell hounds (Lair:5)
  27 orc warriors
  12 water moccasins
  3 sky beasts
  2 ice beasts (D:10)
  12 black bears
  15 ogres
  6 wolves
  4 centaurs
  A spectral basilisk (Lair:2)
  2 phantoms
  A kobold brigand (D:9)
  13 bullfrogs
  A spectral water moccasin (Lair:2)
  3 scorpions
  4 killer bees (D:10)
  9 howler monkeys
  An electric eel (Lair:1)
  5 lava snakes (Lair:5)
  2 hounds
  30 orc priests
  15 iguanas
  Natasha (thrice) (D:4)
  24 orc wizards
  Robin (D:4)
  7 adders
  12 gnolls
  A shadow imp (D:5)
  3 white imps
  A dart slug (D:3)
  2 worms (D:4)
  100 orcs
  4 endoplasms
  5 giant cockroaches
  19 goblins
  10 hobgoblins
  7 jackals (D:1)
  5 quokkas
  3 ball pythons
  3 bats
  23 frilled lizards
  11 kobolds
  6 rats
574 creatures vanquished.

Vanquished Creatures (others)
  An orc warlord (Orc:1)
  Nessos (Lair:4)
  A hydra (Lair:4)
  A centaur warrior (D:9)
  2 two-headed ogres
  A death yak (Lair:3)
  Erica (D:11)
  Urug (D:11)
  A manticore (D:11)
  4 elephants
  A black mamba (Lair:5)
  A torpor snail (Lair:4)
  A cane toad (Lair:1)
  A rime drake (Lair:5)
  A komodo dragon (D:11)
  A troll (Orc:1)
  2 polar bears
  3 dream sheep (Lair:3)
  A wraith (D:9)
  15 yaks
  A spectral cane toad (Lair:2)
  2 nagas (Lair:3)
  An acid dragon (D:10)
  4 orc warriors
  A scorpion (D:5)
  3 wights (D:5)
  A hound (D:6)
  24 fungi
  27 plants
  5 snaplasher vines (Orc:2)
  14 withered plants (Gauntlet)
124 creatures vanquished.

Grand Total: 698 creatures vanquished

Notes
Turn   | Place    | Note
-------+----------+-------------------------------------------
     0 | D:1      | OTABOTABOTAB the Felid Summoner began the quest for the
                  | Orb.
     0 | D:1      | Reached XP level 1. HP: 7/7 MP: 4/4
   429 | D:1      | Reached XP level 2. HP: 11/11 MP: 3/6
   432 | D:1      | Learned a level 2 spell: Call Imp
  1038 | D:1      | Found a faded altar of an unknown god.
  1174 | D:1      | Reached XP level 3. HP: 14/14 MP: 5/8
  1178 | D:1      | Learned a level 3 spell: Call Canine Familiar
  1768 | D:2      | Reached skill level 3 in Spellcasting
  1773 | D:2      | Reached XP level 4. HP: 18/18 MP: 4/9
  1982 | D:2      | Noticed Sigmund
  2003 | D:2      | Killed Sigmund
  2004 | D:2      | Reached skill level 4 in Spellcasting
  2004 | D:2      | Reached skill level 5 in Summonings
  2004 | D:2      | Reached XP level 5. HP: 11/21 MP: 6/12
  2008 | D:2      | Learned a level 3 spell: Summon Guardian Golem
  2237 | D:2      | Gained mutation: You are covered in thick fur. (AC +2)
                  | [Felid growth]
  2237 | D:2      | Reached XP level 6. HP: 24/24 MP: 1/13
  2466 | D:2      | Learned a level 4 spell: Summon Lightning Spire
  3263 | D:3      | Reached skill level 1 in Hexes
  3341 | D:3      | Reached skill level 3 in Dodging
  4106 | D:4      | Noticed Robin
  4295 | D:4      | Killed Robin
  4355 | D:4      | Reached skill level 1 in Fighting
  4355 | D:4      | Reached skill level 2 in Hexes
  4355 | D:4      | Reached skill level 6 in Summonings
  5045 | D:4      | Reached XP level 7. HP: 29/29 MP: 9/15
  5369 | D:4      | Noticed Natasha
  5389 | D:4      | Killed Natasha
  5390 | D:4      | Reached skill level 4 in Dodging
  5390 | D:4      | Reached skill level 3 in Hexes
  5460 | D:4      | Reached skill level 2 in Fighting
  5789 | D:4      | Noticed Natasha
  5803 | D:4      | Killed Natasha
  5895 | D:4      | Noticed Natasha
  5905 | D:4      | Killed Natasha
  5938 | D:5      | Entered Level 5 of the Dungeon
  5959 | D:5      | Reached skill level 5 in Spellcasting
  5979 | D:5      | Reached skill level 4 in Hexes
  6050 | D:5      | Found a staircase to the Ecumenical Temple.
  6061 | Temple   | Entered the Ecumenical Temple
  6253 | Temple   | Became a worshipper of Gozag Ym Sagoz the Greedy
  6551 | D:5      | Reached XP level 8. HP: 34/34 MP: 7/16
  6669 | D:5      | Reached skill level 5 in Dodging
  7054 | D:6      | Reached skill level 3 in Fighting
  7162 | D:6      | Found a hide-covered altar of Uskayaw.
  7162 | D:6      | Found an ornate altar of the Wu Jian Council.
  7269 | D:6      | Reached skill level 5 in Hexes
  7483 | D:6      | Noticed Edmund
  7503 | D:6      | Killed Edmund
  7504 | D:6      | Reached skill level 7 in Summonings
  7651 | D:6      | HP: 5/35 [orc priest/divine providence (13)]
  7836 | D:6      | Reached skill level 6 in Dodging
  7998 | D:6      | Reached skill level 4 in Fighting
  8045 | D:6      | Found Wisisuem's Elemental Accessories.
  8193 | D:6      | Noticed Menkaure
  8204 | D:6      | Killed Menkaure
  8205 | D:6      | Reached skill level 1 in Air Magic
  8314 | D:6      | Reached skill level 6 in Spellcasting
  8478 | D:6      | Reached XP level 9. HP: 39/39 MP: 10/19
  8712 | D:7      | Reached skill level 7 in Dodging
  8712 | D:7      | Reached skill level 2 in Air Magic
  9587 | D:8      | Reached skill level 5 in Fighting
  9713 | D:8      | Reached skill level 8 in Summonings
 10305 | D:8      | Noticed a two-headed ogre
 10313 | D:8      | Killed a two-headed ogre
 10314 | D:8      | Reached skill level 8 in Dodging
 10314 | D:8      | Reached skill level 3 in Air Magic
 10796 | D:9      | Reached XP level 10. HP: 45/45 MP: 16/21
 10807 | D:9      | Reached skill level 7 in Spellcasting
 11095 | D:9      | Noticed a two-headed ogre
 11109 | D:9      | Killed a two-headed ogre
 11110 | D:9      | Reached skill level 6 in Fighting
 11110 | D:9      | Reached skill level 4 in Air Magic
 11512 | D:9      | Noticed a centaur warrior
 11524 | D:9      | Killed a centaur warrior
 11525 | D:9      | Reached skill level 9 in Dodging
 11708 | D:9      | Found a staircase to the Orcish Mines.
 12009 | D:10     | Entered Level 10 of the Dungeon
 12038 | D:10     | Reached skill level 9 in Summonings
 12148 | D:10     | Noticed a two-headed ogre
 12160 | D:10     | Killed a two-headed ogre
 12161 | D:10     | Reached skill level 7 in Fighting
 12161 | D:10     | Reached skill level 5 in Air Magic
 12342 | D:10     | Reached XP level 11. HP: 49/50 MP: 11/23
 12415 | D:10     | Found a staircase to the Lair.
 12650 | D:10     | Reached skill level 10 in Dodging
 12655 | D:10     | Reached skill level 8 in Spellcasting
 13609 | Lair:1   | Entered Level 1 of the Lair of Beasts
 13997 | Lair:1   | Reached skill level 6 in Air Magic
 14191 | Lair:1   | Reached skill level 10 in Summonings
 14258 | Lair:1   | Reached skill level 8 in Fighting
 14309 | Lair:1   | Reached skill level 11 in Dodging
 15054 | Lair:1   | Noticed a boulder beetle
 15120 | Lair:1   | Killed a boulder beetle
 15223 | Lair:1   | Reached skill level 9 in Spellcasting
 15290 | Lair:1   | Gained mutation: Your thick and shaggy fur keeps you warm.
                  | (AC +3, rC+) [Felid growth]
 15290 | Lair:1   | Reached XP level 12. HP: 56/56 MP: 5/26
 15827 | Lair:2   | Reached skill level 7 in Air Magic
 16039 | Lair:2   | Reached skill level 12 in Dodging
 16041 | Lair:2   | Reached skill level 9 in Fighting
 16100 | Lair:2   | Found the amulet of Vitality {RegenMP++ Regen++}
 16104 | Lair:2   | Found a transporter.
 16124 | Lair:2   | Noticed an eight-headed hydra
 16125 | Lair:2   | Noticed sokol815's ghost (journeyman OpFE)
 16130 | Lair:2   | Found a transporter.
 16717 | Lair:2   | Noticed a ghost crab
 16733 | Lair:2   | Killed a ghost crab
 16904 | Lair:2   | Found a staircase to the Swamp.
 17483 | Lair:2   | Reached skill level 13 in Dodging
 17483 | Lair:2   | Reached skill level 10 in Spellcasting
 17643 | Lair:2   | Learned a level 3 spell: Swiftness
 17793 | Lair:3   | Reached skill level 10 in Fighting
 18065 | Lair:3   | Found a staircase to the Snake Pit.
 18484 | Lair:3   | Noticed a five-headed hydra
 18627 | Lair:3   | Reached skill level 14 in Dodging
 18780 | Lair:3   | Reached XP level 13. HP: 63/63 MP: 18/28
 18894 | Lair:3   | Reached skill level 11 in Fighting
 19788 | Lair:3   | Bought a book of Rime for 364 gold pieces
 19793 | Lair:3   | Learned a level 4 spell: Summon Ice Beast
 20076 | Lair:4   | Reached skill level 1 in Ice Magic
 20090 | Lair:4   | Reached skill level 15 in Dodging
 20255 | Lair:4   | Learned a level 5 spell: Summon Mana Viper
 20261 | Lair:4   | Learned a level 5 spell: Summon Forest
 20420 | Lair:4   | Reached skill level 1 in Translocations
 20430 | Lair:4   | Reached skill level 2 in Ice Magic
 20680 | Lair:4   | Reached skill level 2 in Translocations
 21050 | Lair:4   | Noticed Nessos
 21062 | Lair:4   | Killed Nessos
 21192 | Lair:4   | Identified the +4 mace of Tenacity {holy, Will+++}
 21628 | Lair:5   | Entered Level 5 of the Lair of Beasts
 21833 | Lair:5   | Reached skill level 3 in Translocations
 21999 | Lair:5   | Reached skill level 6 in Hexes
 22543 | Lair:5   | Reached skill level 3 in Ice Magic
 23009 | Lair:5   | Reached skill level 4 in Translocations
 23028 | Lair:5   | HP: 16/64 [hell hound/blast of flame (24)]
 23032 | Lair:5   | HP: 3/64 [hell hound/blast of flame (17)]
 23356 | Lair:5   | Found a large runed translucent door.
 23356 | Lair:5   | Noticed a fire dragon
 23357 | Lair:5   | Found a large runed translucent door.
 23488 | Lair:5   | Reached skill level 12 in Fighting
 23506 | Lair:5   | Killed from afar by a molten gargoyle
 23507 | Lair:5   | Reached XP level 12. HP: -10/61 MP: 2/27
 23507 | Lair:5   | Found the +4 robe of Folly {Brill Will-∞ Int+8}
 23554 | Lair:5   | Reached skill level 7 in Hexes
 24384 | Lair:5   | Found a staircase to the Slime Pits.
 24483 | Lair:5   | Found a viscous altar of Jiyva.
 24820 | Orc:1    | Entered Level 1 of the Orcish Mines
 24955 | Orc:1    | Reached skill level 5 in Translocations
 25008 | Orc:1    | Found an iron altar of Okawaru.
 25032 | Orc:1    | Reached XP level 13. HP: 64/64 MP: 18/28
 25178 | Orc:2    | Entered Level 2 of the Orcish Mines
 25410 | Lair:2   | HP: 16/64 [eight-headed hydra (2)]
 25411 | Lair:2   | HP: 3/64 [eight-headed hydra (14)]
 25411 | Lair:2   | Slain by an eight-headed hydra
 25412 | Lair:2   | Reached XP level 12. HP: -5/61 MP: 9/27
 25707 | Lair:2   | Killed an eight-headed hydra
 25985 | Orc:2    | Found Igawkaky's Assorted Antiques.
 26194 | Orc:2    | Found Teeg's Book Shop.
 26216 | Orc:2    | Bought a book of the Warp for 588 gold pieces
 26404 | Lair:3   | Bought a book of the Sky for 572 gold pieces
 26608 | Orc:2    | Noticed a two-headed ogre
 26614 | Orc:2    | Killed a two-headed ogre
 26618 | Orc:2    | Found a staircase to the Elven Halls.
 26689 | Orc:2    | Found Hibeatoi's Antique Weapon Emporium.
 26823 | Orc:2    | Reached skill level 6 in Translocations
 26856 | Orc:2    | Reached skill level 8 in Hexes
 26959 | Orc:2    | Reached skill level 16 in Dodging
 27408 | Orc:2    | Noticed an orc warlord
 27453 | Orc:2    | Killed an orc warlord
 27454 | Orc:2    | Reached skill level 11 in Summonings
 27648 | Orc:2    | Found Qiohaesa's Antique Armour Shop.
 27650 | Orc:2    | Found Poewk's Antique Weapon Boutique.
 27717 | Orc:2    | Noticed an orc high priest
 27722 | Orc:2    | Killed an orc high priest
 27791 | Orc:1    | Reached skill level 7 in Translocations
 27805 | Orc:1    | Noticed an orc warlord
 27827 | Orc:1    | Killed an orc warlord
 27828 | Orc:1    | Reached skill level 9 in Hexes
 27828 | Orc:1    | Reached XP level 13. HP: 65/65 MP: 23/28
 27840 | Orc:1    | Found Fyps's Antique Armour Shop.
 28208 | D:11     | Found a gate leading to a gauntlet.
 28239 | Gauntlet | Entered a Gauntlet
 28239 | Gauntlet | Found a transporter.
 28239 | Gauntlet | Found a transporter.
 28248 | Gauntlet | Found a transporter.
 28260 | Gauntlet | Found a transporter.
 28277 | Gauntlet | Found a transporter.
 28290 | Gauntlet | Found a transporter.
 28372 | Gauntlet | Found a transporter.
 28381 | Gauntlet | Found a transporter.
 28400 | Gauntlet | Found a transporter.
 28411 | Gauntlet | Found a transporter.
 28484 | Gauntlet | Found a transporter.
 28488 | Gauntlet | Found a transporter.
 28503 | Gauntlet | Found a transporter.
 28512 | Gauntlet | Found a transporter.
 28514 | Gauntlet | Found a transporter.
 28514 | Gauntlet | Found a transporter.
 28563 | D:11     | Noticed Lodul
 28581 | D:11     | Killed Lodul
 28649 | D:11     | Reached skill level 1 in Transmutations
 29030 | D:11     | Noticed Erica
 29037 | D:11     | Killed Erica
 29242 | D:11     | Noticed Urug
 29259 | D:11     | Killed Urug
 29662 | D:12     | Reached skill level 2 in Transmutations
 29894 | D:12     | Noticed Sonja
 29906 | D:12     | Killed Sonja
 30314 | D:13     | Noticed Kirke
 30325 | D:13     | Noticed a sphinx
 30329 | D:13     | Killed Kirke
 30351 | D:13     | Identified a scroll of acquirement
 30365 | D:13     | Acquired Lihudyph's Omnibus of Displacement and Graupel
 30545 | D:13     | HP: 16/65 [centaur warrior/arrow (23)]
 30545 | D:13     | Shot with an arrow by a centaur warrior

Illustrated notes

Levels and vault maps discovered:
D:1:      dpeg_arrival_radiant, layout_basic, basic_ecumenical_altar,
          nicolae_figureground_pulse
D:2:      layout_loops_corners, ebering_dispersal_statue_hall,
          chequers_serial_rivers_large_a, uniq_sigmund
D:3:      layout_loops_ring
D:4:      layout_cave_pods, uniq_natasha, uniq_robin
D:5:      layout_loops_cross, minmay_temple_entry_mini_moons
D:6:      layout_loops_ring, nicolae_overflow_two_pavilions,
          nicolae_elemental_shop, uniq_edmund, uniq_menkaure
D:7:      layout_cave_pools
D:8:      layout_loops_cross, minmay_door_square
D:9:      layout_basic, minmay_orc_entry_temple_small
D:10:     layout_basic, hellmonk_lair_entry_icy
D:11:     layout_roguey, gauntlet_entry_generic, uniq_lodul, uniq_erica,
          uniq_urug
D:12:     layout_roguey, uniq_sonja
D:13:     layout_roguey [special_room_bee], uniq_kirke
Temple:   nicolae_temple_slightly_damp_pantheon
Lair:1:   lemuel_reptile_caves, layout_misc_corridors
Lair:2:   beast_lair_carwin_large_4, layout_gridlike,
          nicolae_swamp_entry_spooky, gammafunk_ghost_arena, st_stairs_6,
          lemuel_fruit_tree
Lair:3:   layout_chaotic_city, nicolae_snake_entry_squirm, minivault_26,
          beast_lair_carwin_2
Lair:4:   layout_gridlike, minmay_lair_oklob_items, minivault_23, uniq_nessos
Lair:5:   cheibrodos_lair_end_hotspot, layout_cave_pods,
          dpeg_slime_entry_corner, serial_bayou_shore_b
Orc:1:    layout_caves, serial_shops, shop, okawaru_metal_pillars_1_2
Orc:2:    grunt_orc_community_town_hall, layout_diamond_mine,
          grunt_orc_community_big_house_1, grunt_orc_community_big_house_1,
          grunt_orc_community_house_2, grunt_orc_community_house_3,
          grunt_orc_community_house_1, grunt_orc_community_house_2,
          serial_shops, shop_statue, minmay_orc_temple_c

Skill      XL: |  1  2  3  4  5  6  7  8  9 10 11 12 13 |
---------------+----------------------------------------+-----
Spellcasting   | 3 4 5 6 7 9 10 | 10.3
Summonings     | 5 6 7 8 9 10 11 | 11.1
Hexes          | 2 4 5 9 6 |  9.0
Dodging        | 3 4 6 8 9 11 16 15 | 16.6
Fighting       | 1 2 4 5 7 8 10 12 | 12.8
Air Magic      | 1 3 5 6 7 |  7.5
Ice Magic      | 3 |  3.6
Translocations | 7 4 |  7.2
Transmutations | 2 |  2.9
Stealth        | |  2.6

Action                   |  1- 3 |  4- 6 |  7- 9 | 10-12 | 13-15 || total
-------------------------+-------+-------+-------+-------+-------++-------
Melee: Unarmed           |       |       |     1 |     2 |     5 ||     8
       Bite              |       |       |       |     1 |       ||     1
 Cast: Summon Small Mamm |    40 |    27 |    60 |   126 |    33 ||   286
       Call Imp          |    10 |    18 |    29 |    56 |    28 ||   141
       Call Canine Famil |     5 |    38 |    36 |    93 |    29 ||   201
       Summon Guardian G |       |       |    11 |    77 |    39 ||   127
       Summon Lightning  |       |       |     2 |   132 |    59 ||   193
       Summon Mana Viper |       |       |       |    34 |    30 ||    64
       Summon Ice Beast  |       |       |       |    18 |    13 ||    31
       Summon Forest     |       |       |       |    13 |     8 ||    21
       Swiftness         |       |       |       |     1 |       ||     1
Invok: Call Merchant     |       |       |       |     1 |     3 ||     4
  Use: Scroll            |       |     5 |    14 |     7 |     8 ||    34
       Potion            |       |       |     1 |     2 |     1 ||     4
Armor: Skin              |     3 |       |       |     7 |     1 ||    11
Dodge: Dodged            |    23 |    12 |    32 |   222 |   117 ||   406

Table legend: (Time is in decaauts)
 A = Elapsed time spent in this place.
 B = Non-inter-level travel time spent in this place.
 C = Inter-level travel time spent in this place.
 D = Time resting spent in this place.
 E = Time spent auto-exploring this place.
 F = Levels seen in this place.
 G = Mean time per level.
                   A        B        C        D        E       F      G
               +--------+--------+--------+--------+--------+-----+--------+
         Total |  27372 |  25616 |   1756 |   3885 |  15283 |  22 | 1244.2 |
       Dungeon |  14127 |  13250 |    877 |   1565 |   8570 |  13 | 1086.7 |
        Temple |    170 |    156 |     14 |      0 |    136 |   1 |  170.0 |
          Lair |  10694 |   9965 |    729 |   2175 |   5311 |   5 | 2138.8 |
  Orcish Mines |   2145 |   2011 |    134 |    145 |   1035 |   2 | 1072.5 |
      Gauntlet |    236 |    236 |      0 |      0 |    229 |   1 |  236.0 |
               +--------+--------+--------+--------+--------+-----+--------+

Top non-repeatable levels by time:
  Lair:5: 2753 daAuts
  Lair:2: 2521 daAuts
  Lair:1: 2144 daAuts
  Lair:3: 1712 daAuts
     D:4: 1601 daAuts
     D:9: 1571 daAuts
     D:6: 1569 daAuts
  Lair:4: 1562 daAuts
   Orc:2: 1521 daAuts
    D:10: 1449 daAuts
     D:2: 1349 daAuts
     D:1: 1278 daAuts
    D:11: 1167 daAuts
     D:3: 1044 daAuts
     D:8: 974 daAuts

Table legend:
 A = Kills in this place as a percentage of kills in entire the game.
 B = Kills by you in this place as a percentage of kills by you in the entire game.
 C = Kills by friends in this place as a percentage of kills by friends in the entire game.
 D = Other kills in this place as a percentage of other kills in the entire game.
 E = Experience gained in this place as a percentage of experience gained in the entire game.
 F = Experience gained in this place divided by the number of levels of this place that you have seen.
                   A       B       C       D       E      F
               +-------+-------+-------+-------+-------+----------------------
         Total | 100.0 |   N/A | 100.0 | 100.0 | 100.0 | 4189.1
       Dungeon |  44.1 |   N/A |  45.3 |  31.5 |  29.0 | 2054.2
          Lair |  31.7 |   N/A |  29.3 |  57.4 |  53.7 | 9890.2
  Orcish Mines |  24.2 |   N/A |  25.4 |  11.1 |  17.4 | 8003.0
               +-------+-------+-------+-------+-------+----------------------
